AoeStats
← BudSpencer

QS Arena

503198566Analyzed
1v1 RM · 3mo ago on Aug 30, 2026· 14m 34s· 2 players
Game mode
Random Map
Map size
Tiny (2 player)
Population
200
Speed
Normal
Resources
Standard
Victory
Conquest
Starting age
Dark Age
Ending age
Imperial Age
RankedLock teamsTeams togetherTeam positionsShared explorationLock speedFull tech treeHidden civsTurbo modeCheats
Victory
Defeat
🇨🇳 Khitans · China
1146
+14
vs
🇩🇪 Teutons · Germany
1110
-14
BudSpencer
2:04 Loom
9:17 Feudal Age
13:11 Castle Age
12:06 Double-Bit Axe
13:55 Town Watch
秦心酱是最强的
5:15 Loom
8:19 Feudal Age
12:50 Castle Age
11:46 Double-Bit Axe
12:13 Domestication
Connection lost

Rejoining the realm…

Still unreachable

The connection could not be restored.

Session expired

The server has moved on; the page needs a fresh start.